 Dungeon Crawl Stone Soup version 0.29-a0-397-g846e4a0bbc (webtiles) character file.

Game seed: 14392032500166552864

63 sammy202020 the Skirmisher (level 3, 0/34 HPs)
             Began as a Minotaur Fighter on May 11, 2022.
             Slain by an orc wizard
             ... wielding a +0 dagger
              (1 damage)
             ... on level 2 of the Dungeon.
             The game lasted 00:01:35 (732 turns).

sammy202020 the Skirmisher (Minotaur Fighter)        Turns: 732, Time: 00:01:35

Health: 0/34       AC:  7    Str: 17 (20) XL:     3   Next: 89%
Magic:  2/2        EV:  9    Int:  6 (7)  God:
Gold:   49         SH:  4    Dex:  7 (9)  Spells: 2/2 levels left

rFire   . . .      SeeInvis .   a - +0 war axe
rCold   . . .      Faith    .   c - +0 buckler
rNeg    . . .      Spirit   .   b - +0 scale mail
rPois   .          Reflect  .   (helmet restricted)
rElec   .          Harm     .   (no cloak)
rCorr   .          Rampage  .   (no gloves)
Will    .....                   (no boots)
Stlth   ..........              (no amulet)
HPRegen 0.11/turn               (no ring)
MPRegen 0.08/turn               (no ring)

@: mighty
A: horns 2, retaliatory headbutt
a: no special abilities


You were on level 2 of the Dungeon.
You visited 1 branch of the dungeon, and saw 2 of its levels.

You collected 49 gold pieces.

Inventory:

Hand Weapons
 a - a +0 war axe (weapon)
Missiles
 h - 2 boomerangs
 i - a throwing net (quivered)
Armour
 b - a +0 scale mail (worn)
 c - a +0 buckler (worn)
Scrolls
 j - a scroll of identify
Potions
 f - 2 potions of brilliance


   Skills:
 * Level 4.4 Fighting
 * Level 3.4 Axes
 + Level 3.9 Armour
 + Level 1.2 Dodging
 + Level 4.0 Shields


You had 2 spell levels left.
You didn't know any spells.
Your spell library was empty.

Dungeon Overview and Level Annotations

Branches:
Dungeon (2/15)

Altars:

Shops:
D:1 *


Innate Abilities, Weirdness & Mutations

You have a pair of horns on your head.
You reflexively headbutt those who attack you in melee.


Message History

You closely miss the ball python. You barely miss the goblin.
You closely miss something. You miss something. Something hits you.
The goblin hits you with a +0 club.
* * * LOW HITPOINT WARNING * * *
Something hits you but does no damage. The ball python barely misses you.
The ball python constricts you.
You hear some strange, mumbled words.
A magic dart appears from out of thin air!
The magic dart hits you.
* * * LOW HITPOINT WARNING * * *
The goblin hits you with a +0 club.
* * * LOW HITPOINT WARNING * * *
Something hits you but does no damage.
You slash the ball python!
You kill the ball python!
You slash the goblin!
You kill the goblin!
You hit something. You barely miss something. Something hits you.
* * * LOW HITPOINT WARNING * * *
Something hits you but does no damage.
You feel better. Something hits you.
* * * LOW HITPOINT WARNING * * *
Something hits you but does no damage.
You miss something. You barely miss something.
Something hits you but does no damage. x2
You slash something! You miss something. Something hits you.
* * * LOW HITPOINT WARNING * * *
You hear some strange, mumbled words.
Something tries to affect you, but you resist.
Something hits you.
* * * LOW HITPOINT WARNING * * *
Something hits you but does no damage.
It was a potion of degeneration.
There was something very wrong with that liquid.
You feel weakened.
You feel dopey.
You feel clumsy.
Something hits you but does no damage. x2
You miss something. Your headbutt misses something.
You completely miss something. Something hits you but does no damage.
Something hits you.
You die...

###..#
#.##.....######
#....#
#.##.....#
#.#.##
#.########
#.#.# #.#####
#.#.#####...).#
#.#.........#.#
#.#########)# #
#. ......))#(#
#. ####..)@{.#
#....)){##
#..........
#<.......###
#.##...### ..
.... ##..# #..


There were no monsters in sight!

Vanquished Creatures
  Robin (D:2)
  A worm (D:2)
  A dart slug (D:1)
  2 orcs (D:2)
  2 ball pythons (D:2)
  2 endoplasms
  2 giant cockroaches (D:1)
  12 goblins
  3 hobgoblins (D:2)
  2 jackals (D:1)
  2 kobolds
  3 quokkas (D:2)
  2 bats
  2 frilled lizards
  A rat (D:1)
38 creatures vanquished.

Notes
Turn   | Place    | Note
-------+----------+-------------------------------------------
     0 | D:1      | sammy202020 the Minotaur Fighter began the quest for the
                  | Orb.
     0 | D:1      | Reached XP level 1. HP: 19/19 MP: 0/0
    31 | D:1      | Found Vuckyly's Assorted Antiques.
   120 | D:1      | Reached XP level 2. HP: 27/27 MP: 1/1
   709 | D:2      | Noticed Robin
   714 | D:2      | Reached XP level 3. HP: 26/33 MP: 2/2
   719 | D:2      | Killed Robin
   720 | D:2      | Reached skill level 1 in Dodging
   727 | D:2      | HP: 1/34 [something (2)]
   732 | D:2      | Slain by an orc wizard

Illustrated notes

Levels and vault maps discovered:
D:1:      dpeg_arrival_pits, layout_basic, serial_shops,
          nicolae_shop_statue_plus
D:2:      layout_loops_ring, basic_ecumenical_altar, serial_shops,
          nicolae_square_shop, uniq_robin, uniq_sigmund

Skill      XL: |  1  2  3 |
---------------+----------+-----
Fighting       | 4 |  4.4
Axes           | 3 |  3.4
Dodging        | 1 |  1.2
Shields        | 4 |  4.0
Armour         | |  3.9

Action                   || total
-------------------------++-------
Melee: War axe           ||    52
       Headbutt          ||     7
  Use: Scroll            ||     2
       Potion            ||     3
Armor: Scale mail        ||    45
Dodge: Dodged            ||    27
Block: Buckler           ||    20

Table legend: (Time is in decaauts)
 A = Elapsed time spent in this place.
 B = Non-inter-level travel time spent in this place.
 C = Inter-level travel time spent in this place.
 D = Time resting spent in this place.
 E = Time spent auto-exploring this place.
 F = Levels seen in this place.
 G = Mean time per level.
                   A        B        C        D        E       F      G
               +--------+--------+--------+--------+--------+-----+--------+
         Total |    750 |    750 |      0 |      0 |    581 |   2 |  375.0 |
       Dungeon |    750 |    750 |      0 |      0 |    581 |   2 |  375.0 |
               +--------+--------+--------+--------+--------+-----+--------+

Top non-repeatable levels by time:
     D:1: 646 daAuts
     D:2: 103 daAuts
